 Dungeon Crawl Stone Soup version 0.29.1-1-gd02db6906a (webtiles) character file.

Game seed: 4375808356671856222

329 GigaChad the Trooper (level 6, -12/56 HPs)
             Began as a Minotaur Fighter on Oct 7, 2022.
             Killed by divine providence
             ... invoked by an orc priest
              (14 damage)
             ... on level 3 of the Dungeon.
             The game lasted 00:02:58 (3307 turns).

GigaChad the Trooper (Minotaur Fighter)             Turns: 3307, Time: 00:02:59

Health: -12/56     AC: 10    Str: 23    XL:     6   Next: 25%
Magic:  5/5        EV: 10    Int:  5    God:
Gold:   133        SH:  4    Dex:  9    Spells: 5/5 levels left

rFire   . . .      SeeInvis .   a - +0 long sword
rCold   . . .      Faith    .   c - +0 buckler
rNeg    . . .      Spirit   .   b - +2 scale mail
rPois   .          Reflect  .   (helmet restricted)
rElec   .          Harm     .   p - +0 cloak
rCorr   .          Rampage  .   (no gloves)
Will    .....                   (no boots)
Stlth   ..........              (no amulet)
HPRegen 0.18/turn               (no ring)
MPRegen 0.09/turn               (no ring)

@: no status effects
A: horns 2, retaliatory headbutt
a: no special abilities


You were on level 3 of the Dungeon.
You visited 1 branch of the dungeon, and saw 3 of its levels.

You collected 133 gold pieces.

Inventory:

Hand Weapons
 a - a +0 long sword (weapon)
Armour
 b - a +2 scale mail (worn)
 c - a +0 buckler (worn)
 p - a +0 cloak (worn)
Scrolls
 f - a scroll of vulnerability {unknown}
 i - a scroll of silence {unknown}
 j - a scroll of identify {unknown}
 k - a scroll of amnesia {unknown}
 l - a scroll of noise {unknown}
Potions
 d - 3 potions of might
 e - a potion of curing {unknown}
 g - 3 potions of haste {unknown}
 h - 2 potions of berserk rage {unknown}
 m - a potion of magic {unknown}
 n - 3 potions of degeneration {unknown}
 o - a potion of cancellation {unknown}


   Skills:
 + Level 5.3 Fighting
 - Level 5.0 Long Blades
 - Level 5.2 Armour
 - Level 1.5 Dodging
 - Level 0.5 Stealth
 - Level 4.1 Shields


You had 5 spell levels left.
You didn't know any spells.
Your spell library was empty.

Dungeon Overview and Level Annotations

Branches:
Dungeon (3/15)

Altars:


Innate Abilities, Weirdness & Mutations

You have a pair of horns on your head.
You reflexively headbutt those who attack you in melee.


Message History

You kill the orc!
The ball python closely misses you. You furiously retaliate!
You headbutt the ball python!
You kill the ball python!
The orc closely misses you. You block the orc's attack.
Items here: ) [ ††.
You hit the orc.
The orc is heavily wounded.
The orc closely misses you.
The orc priest mumbles some strange prayers to Beogh against you.
Beogh smites you! The orc hits you with a +0 trident!
* * * LOW HITPOINT WARNING * * *
You hit the orc.
The orc is severely wounded.
The orc hits you with a +0 dagger.
* * * LOW HITPOINT WARNING * * *
The orc hits you with a +0 trident.
* * * LOW HITPOINT WARNING * * *
You barely miss the orc. Your headbutt misses the orc.
The orc is severely wounded.
You block the orc's attack.
The orc priest calls upon Beogh to heal the orc.
The orc's wounds heal themselves!
The orc hits you but does no damage. The orc closely misses you.
The orc barely misses you. The orc attacks as you move away!
You block the orc's attack. The orc barely misses you.
You hit the orc.
The orc is lightly wounded.
The orc completely misses you. You furiously retaliate!
You headbutt the orc!
You kill the orc!
You closely miss the orc priest. You headbutt the orc priest.
The orc priest is moderately wounded.
The orc priest hits you with a +0 war axe.
* * * LOW HITPOINT WARNING * * *
The orc barely misses you.
You hit the orc priest. Your headbutt misses the orc priest.
The orc priest is heavily wounded.
The orc priest invokes the aid of Beogh against you.
Beogh smites you!
You die...

....#..... ...#...#
#..oS###
#####......#
#.....##...#
###.#......#
...#o###### #.# #o#
# ... #@# # #.# #.#
# #. #.##### #
#.....# # #######.##
# .........# #
.........# #
.........# #
.........###########


You could see an orc priest and an orc.

Vanquished Creatures
  Sigmund (D:3)
  10 gnolls
  2 worms
  A dart slug (D:2)
  2 orcs (D:3)
  6 ball pythons
  2 bats
  5 endoplasms
  A giant cockroach (D:2)
  4 goblins
  4 hobgoblins
  3 jackals (D:2)
  4 kobolds
  2 quokkas
  5 frilled lizards
  7 rats
59 creatures vanquished.

Notes
Turn   | Place    | Note
-------+----------+-------------------------------------------
     0 | D:1      | GigaChad the Minotaur Fighter began the quest for the Orb.
     0 | D:1      | Reached XP level 1. HP: 19/19 MP: 0/0
   343 | D:1      | Reached XP level 2. HP: 25/27 MP: 1/1
   904 | D:2      | Reached XP level 3. HP: 8/33 MP: 2/2
  1431 | D:2      | Reached skill level 1 in Dodging
  1439 | D:2      | Reached XP level 4. HP: 19/40 MP: 3/3
  2413 | D:3      | Noticed Sigmund
  2429 | D:3      | Killed Sigmund
  2430 | D:3      | Reached skill level 5 in Long Blades
  2430 | D:3      | Reached skill level 5 in Armour
  2430 | D:3      | Reached XP level 5. HP: 37/47 MP: 4/4
  2580 | D:3      | Reached XP level 6. HP: 23/53 MP: 5/5
  3122 | D:3      | Reached skill level 5 in Fighting
  3306 | D:3      | HP: 2/56 [orc priest/+0 war axe (3)]
  3307 | D:3      | Killed from afar by an orc priest

Illustrated notes

Levels and vault maps discovered:
D:1:      dpeg_arrival_three_same_balls, layout_rooms
D:2:      layout_basic
D:3:      layout_basic, shapermc_ecumenical_altar_venn, corexii_corridor_pit,
          uniq_grinder, uniq_crazy_yiuf_cottage, uniq_sigmund

Skill      XL: |  1  2  3  4  5  6 |
---------------+-------------------+-----
Fighting       | 4 5 |  5.3
Armour         | 4 5 |  5.2
Long Blades    | 3 5 |  5.0
Dodging        | 1 |  1.5
Shields        | 4 |  4.1
Stealth        | |  0.5

Action                   |  1- 3 |  4- 6 || total
-------------------------+-------+-------++-------
Melee: Long sword        |    80 |    72 ||   152
       Headbutt          |    12 |    10 ||    22
  Use: Scroll            |       |     2 ||     2
Armor: Scale mail        |    50 |    24 ||    74
Dodge: Dodged            |    57 |    50 ||   107
Block: Buckler           |    23 |    22 ||    45
